 Dungeon Crawl Stone Soup version 0.31-a0-1547-g618ab1f346 (webtiles) character file.

Game seed: 5183534951626436047

176 Bnni the Digger (level 5, -1/38 HPs)
             Began as a Formicid Earth Elementalist on Jan 2, 2024.
             Incinerated by a bombardier beetle (3 damage)
             ... with a burning spray
             ... on level 4 of the Dungeon.
             The game lasted 00:04:12 (2522 turns).

Bnni the Digger (Formicid Earth Elementalist)       Turns: 2522, Time: 00:04:12

Health: -1/38      AC:  6    Str: 12    XL:     5   Next: 86%
Magic:  2/9        EV: 10    Int: 17    God:
Gold:   144        SH:  0    Dex: 14    Spells: 3/10 levels left

rFire   . . .        h - staff of alchemy
rCold   . . .        (no shield)
rNeg    . . .        p - +0 ring mail of Protective Custody {Will+ Slay+3}
rPois   +            (helmet unavailable)
rElec   .            j - +0 cloak
rCorr   .            (no gloves)
SInv    +            (no boots)
Will    +....        (no amulet)
Stlth   +            (no ring)
HPRegen 0.26/turn    (no ring)
MPRegen 0.11/turn

%: no passive effects
@: on fire, glowing
A: permanent stasis, dig shafts and tunnels, antennae 3, four strong arms
a: Dig, Shaft Self


You were on level 4 of the Dungeon.
You visited 1 branch of the dungeon, and saw 4 of its levels.

You collected 144 gold pieces.

Inventory:

Hand Weapons
 c - a +0 dagger
Armour
 j - a +0 cloak (worn)
 p - the +0 ring mail of Protective Custody (worn) {Will+ Slay+3}
   (You found it on level 2 of the Dungeon)

   Slay+3:    It affects your accuracy & damage with ranged weapons and melee
   (+3).
   Will+:     It increases your willpower.
Magical Staves
 h - a staff of alchemy (weapon)
Scrolls
 e - 3 scrolls of identify {unknown}
 f - a scroll of enchant weapon {unknown}
 n - 2 scrolls of teleportation {unknown}
 o - 2 scrolls of enchant armour {unknown}
Potions
 a - a potion of berserk rage {unknown}
 b - a potion of magic
 d - a potion of brilliance {unknown}
 g - a potion of heal wounds {unknown}
 i - a potion of ambrosia {unknown}
 k - a potion of attraction {unknown}
 l - 2 potions of lignification {unknown}
 m - a potion of curing {unknown}
 q - a potion of enlightenment {unknown}


   Skills:
 + Level 2.1 Fighting
 - Level 1.7 Dodging
 - Level 2.4 Stealth
 + Level 3.1 Spellcasting
 * Level 2.7 Conjurations
 * Level 5.0 Earth Magic


You had 3 spell levels left.
You knew the following spells:

 Your Spells              Type           Power      Damage    Failure   Level
a - Sandblast             Erth           38%        2d10      4%          1
b - Passwall              Erth           19%        N/A       16%         3
c - Stone Arrow           Conj/Erth      30%        3d8       24%         3

Your spell library contained the following spells:

 Spells                   Type           Power      Damage    Failure   Level
 Inner Flame              Hex/Fire       2%         N/A       75%         3
 Brom's Barrelling Bould  Conj/Erth      15%        2d4       63%         4
 Petrify                  Alch/Erth      16%        N/A       80%         4
 Flame Wave               Conj/Fire      7%         2d5       92%         4
 Sticky Flame             Fire/Alch      3%         2d4       98%         4


Dungeon Overview and Level Annotations

Branches:
Dungeon (4/15)
 Temple: D:4-7

Altars:

Shops:
D:1 ?   D:2 =


Innate Abilities, Weirdness & Mutations

You cannot be hasted, slowed, berserked, paralysed or teleported.
You can dig through walls and to a lower floor.
You have a pair of large antennae on your head. (SInv)
Your four strong arms can wield two-handed weapons with a shield.


Message History

Aim: a bombardier beetle (moderately wounded, 89% to hit)
The blast of sand hits the bombardier beetle.
The bombardier beetle is severely wounded.
The jelly quivers.
The liquid fire burns you!
Aiming: Sandblast (safe; 5% risk of failure)
Press: ? - help, Q - select action, (/) - cycle Shift-Dir - straight line, f/p - bombardier beetle
Aim: a bombardier beetle (severely wounded, 89% to hit)
The blast of sand hits the bombardier beetle.
The bombardier beetle is almost dead.
The liquid fire burns you!
The bombardier beetle barely misses you.
Unknown command.
Aiming: Sandblast (safe; 5% risk of failure)
Press: ? - help, Q - select action, (/) - cycle Shift-Dir - straight line, f/p - bombardier beetle
Aim: a bombardier beetle (almost dead, 89% to hit)
The blast of sand hits the bombardier beetle but does no damage.
The bombardier beetle is almost dead.
The liquid fire burns you!
You shake off some of the fire as you move.
The liquid fire burns you!
The bombardier beetle sprays incendiary fluid at you.
The burning spray hits you.
You are even more covered in liquid fire!
You shake off some of the fire as you move.
The liquid fire burns you!
Aiming: Sandblast (safe; 5% risk of failure)
Press: ? - help, Q - select action, (/) - cycle Shift-Dir - straight line, f/p - bombardier beetle
Aim: a bombardier beetle (almost dead, 89% to hit)
The blast of sand hits the bombardier beetle.
You kill the bombardier beetle!
The liquid fire burns you!
* * * LOW HITPOINT WARNING * * *
Your Earth Magic skill increases to level 5!
You shake off some of the fire as you move.
The liquid fire burns you!
* * * LOW HITPOINT WARNING * * *
You shake off some of the fire as you move.
The liquid fire burns you!
You die...

.. ..< ..{# #.. .#.# .
###..###### #.#.#..
........... ...P.P.
##.......#.#####..#.P..
.........#.............
#.......#[...J†....P..
#.....<.##@##.........
#.......'..##.........
.........####......#...
#.#####+#.{........# #.
# .........##
...#.#....# .###.#....#
###....#


You could see a jelly.

Vanquished Creatures
  A bombardier beetle (D:4)
  An iguana (D:3)
  A gnoll (D:1)
  2 adders
  An adder skeleton (D:4)
  2 ribbon worms (D:2)
  A dart slug (D:2)
  5 orcs
  5 bats
  6 endoplasms
  13 giant cockroaches
  7 goblins
  6 hobgoblins
  6 kobolds
  3 quokkas
  3 frilled lizards
  6 rats
69 creatures vanquished.

Notes
Turn   | Place    | Note
-------+----------+-------------------------------------------
     0 | D:1      | Bnni the Formicid Earth Elementalist began the quest for
                  | the Orb.
     0 | D:1      | Reached XP level 1. HP: 13/13 MP: 3/3
    23 | D:1      | Found Wakos's Magic Scroll Shop.
    58 | D:1      | Reached skill level 1 in Conjurations
   119 | D:1      | Reached XP level 2. HP: 19/19 MP: 0/5
   346 | D:1      | Reached skill level 4 in Earth Magic
   444 | D:1      | Reached XP level 3. HP: 5/25 MP: 1/6
   448 | D:1      | Learned a level 3 spell: Passwall
   717 | D:1      | Reached skill level 1 in Fighting
   934 | D:2      | Found Daymah's Jewellery Shop.
  1064 | D:2      | Reached XP level 4. HP: 32/32 MP: 1/7
  1078 | D:2      | Learned a level 3 spell: Stone Arrow
  1438 | D:2      | Identified the +0 ring mail of Protective Custody {Will+
                  | Slay+3}
  1782 | D:3      | Reached XP level 5. HP: 25/38 MP: 2/9
  2027 | D:3      | Found a faded altar of an unknown god.
  2199 | D:3      | Identified the +3 dagger of Linearity {freeze, rPois rC+
                  | rN++}
  2521 | D:4      | Reached skill level 5 in Earth Magic
  2521 | D:4      | HP: 1/38 [burnt (5)]
  2522 | D:4      | Incinerated by a bombardier beetle

Illustrated notes

Levels and vault maps discovered:
D:1:      eino_arrival_tree_alley, layout_rooms, serial_shops, shop,
          nicolae_grassy_gnolls
D:2:      minmay_roachtagon, layout_rooms, serial_shops,
          nicolae_shop_tiny_waterfront
D:3:      layout_loops_ring, chequers_ecumenical_altar_simple,
          hangedman_decor_points
D:4:      layout_basic, serial_undead, serial_undead_b, serial_undead_b,
          serial_undead_b, serial_undead_b

Skill      XL: |  1  2  3  4  5 |
---------------+----------------+-----
Conjurations   | 1 2 |  2.7
Earth Magic    | 4 5 |  5.0
Fighting       | 1 2 |  2.1
Spellcasting   | 3 |  3.1
Dodging        | |  1.7
Stealth        | |  2.4

Action                     |  1- 3 |  4- 6 || total
---------------------------+-------+-------++-------
  Melee: Dagger            |     9 |       ||     9
         Staff             |     9 |       ||     9
   Cast: Sandblast         |    51 |    60 ||   111
 Armour: Robe              |    30 |     4 ||    34
         Ring mail         |       |     7 ||     7
  Dodge: Dodged            |    34 |    11 ||    45

Table legend: (Time is in decaauts)
 A = Elapsed time spent in this place.
 B = Non-inter-level travel time spent in this place.
 C = Inter-level travel time spent in this place.
 D = Time resting spent in this place.
 E = Time spent auto-exploring this place.
 F = Levels seen in this place.
 G = Mean time per level.
                   A        B        C        D        E       F      G
               +--------+--------+--------+--------+--------+-----+--------+
         Total |   2577 |   2505 |     72 |      0 |   2031 |   4 |  644.2 |
       Dungeon |   2577 |   2505 |     72 |      0 |   2031 |   4 |  644.2 |
               +--------+--------+--------+--------+--------+-----+--------+

Top non-repeatable levels by time:
     D:1: 883 daAuts
     D:3: 875 daAuts
     D:2: 791 daAuts
     D:4: 26 daAuts
